 Dungeon Crawl Stone Soup version 0.28.0 (webtiles) character file.

Game seed: 14607749405187516878

2055 iguanaiguana the Cleaver (level 9, 0/73 (75) HPs)
             Began as a Deep Dwarf Fighter on Feb 16, 2022.
             Was a Believer of Elyvilon.
             Slain by an orc warrior (9 damage)
             ... on level 7 of the Dungeon.
             The game lasted 00:31:05 (3794 turns).

iguanaiguana the Cleaver (Deep Dwarf Fighter)       Turns: 3794, Time: 00:31:06

HP:   0/73 (75)     AC: 15    Str: 24    XL:     9   Next: 5%
MP:   8/8           EV:  7    Int:  9    God:    Elyvilon [**....]
Gold: 334           SH:  6    Dex: 12    Spells: 8/8 levels left

rFire   . . .      SeeInvis .   j - +3 hand axe
rCold   . . .      Faith    .   c - +0 buckler
rNeg    . . .      Spirit   .   A - +0 chain mail
rPois   +          Reflect  .   E - +0 helmet
rElec   .          Harm     .   (no cloak)
rCorr   .          Rampage  .   (no gloves)
Will    +....                   i - +0 pair of boots
Stlth   ..........              (no amulet)
HPRegen 0.00/turn               p - ring of poison resistance
MPRegen 0.11/turn               D - +4 ring of protection

@: lightly drained
A: damage resistance, heal wounds, sense surroundings 2, no regeneration
a: Heal Wounds, Renounce Religion, Purification, Heal Other


You were on level 7 of the Dungeon.
You worshipped Elyvilon.
Elyvilon was pleased with you.
You visited 2 branches of the dungeon, and saw 8 of its levels.
You also visited: Sewer.

You collected 334 gold pieces.

Inventory:

Hand Weapons
 a - a +0 war axe
 b - a +0 hand crossbow
 j - a +3 hand axe (weapon)
Missiles
 f - 4 silver javelins
 l - 113 stones (quivered)
 s - 55 bolts
 w - 6 poisoned darts
 y - 4 boomerangs
 C - 3 javelins
Armour
 c - a +0 buckler (worn)
 i - a +0 pair of boots (worn)
 m - a +0 tower shield
 r - a +0 scale mail
 A - a +0 chain mail (worn)
 E - a +0 helmet (worn)
Jewellery
 p - a ring of poison resistance (left hand)
 B - a ring of fire
 D - a +4 ring of protection (right hand)
Wands
 z - a wand of flame (21)
 F - a wand of polymorph (14)
Scrolls
 g - 4 scrolls of teleportation {@r3}
 k - 2 scrolls of magic mapping {@r5}
 q - a scroll of noise
 t - 4 scrolls of fog {unknown}
 u - 2 scrolls of amnesia {unknown}
 v - a scroll of vulnerability {unknown}
 x - a scroll of enchant armour {unknown}
Potions
 d - 3 potions of might {@q3}
 e - a potion of heal wounds {unknown}
 h - 5 potions of mutation
 n - a potion of degeneration
 o - 4 potions of flight


   Skills:
 - Level 3.1 Fighting
 * Level 9.7 Axes
 - Level 3.8 Armour
 + Level 9.1 Shields


You had 8 spell levels left.
You didn't know any spells.
Your spell library contained the following spells:

 Spells                   Type           Power      Damage    Failure   Level
 Magic Dart               Conj           0%         1d3       98%         1
 Call Imp                 Summ           0%         N/A       99%         2
 Mephitic Cloud           Conj/Pois/Air  0%         N/A       100%        3


Dungeon Overview and Level Annotations

Branches:
Dungeon (7/15)             Temple (1/1) D:4           Sewer (visited)

Altars:
Ashenzari
Cheibriados
Elyvilon
Gozag
Hepliaklqana
Kikubaaqudgha
Makhleb
Nemelex Xobeh
Qazlal
Wu Jian
Xom

Shops:
D:6 (   D:7 :


Innate Abilities, Weirdness & Mutations

You are resistant to damage.
You can heal yourself by infusing magical energy.
You passively map the area around you.
You do not regenerate.


Message History

You hit the orc warrior.
The orc warrior is moderately wounded.
You barely miss the orc warrior.
The orc warrior is moderately wounded.
The orc warrior barely misses you.
You closely miss the orc warrior.
The orc warrior is moderately wounded.
The orc warrior hits you with a +0 mace!
* * * LOW HITPOINT WARNING * * *
You slash the orc warrior!
The orc warrior is severely wounded.
You block the orc warrior's attack.
You hit the orc warrior but do no damage.
The orc warrior is severely wounded.
You block the orc warrior's attack.
You hit the orc warrior but do no damage.
The orc warrior is severely wounded.
The orc warrior closely misses you.
You hit the orc warrior but do no damage.
The orc warrior is severely wounded.
You hit the orc warrior.
The orc warrior is almost dead.
The orc warrior hits you with a +0 mace.
* * * LOW HITPOINT WARNING * * *
You barely miss the orc warrior.
The orc warrior is severely wounded.
The orc warrior hits you with a +0 mace.
* * * LOW HITPOINT WARNING * * *
You hit the orc warrior but do no damage.
The orc warrior is severely wounded.
The orc warrior hits you with a +0 mace.
* * * LOW HITPOINT WARNING * * *
You closely miss the orc warrior.
The orc warrior is severely wounded.
The orc warrior hits you with a +0 mace.
* * * LOW HITPOINT WARNING * * *
You hit the orc warrior but do no damage.
The orc warrior is severely wounded.
The orc warrior hits you with a +0 mace!
You die...

#......#.#.#.#.#.#.#
########.#.#.#.#.#.#
###########'#.#........
#.............###.#####
#......................
#.............###.#####
#############.###.#####
##########..........
#..@ooo..#.###.#####
#.######.#.###.# # #.#
,#...#.##### #.#
#>......... #.#
#.#.#.##### #.#
#.#.#.#.# # #.#
#.#...#.# # ####.#
#.#####.##### #....#
#............


You could see an orc warrior, an orc wizard and an orc.

Vanquished Creatures
  The ghost of sirJeffrey23 the Insei, a novice DsMo (D:6)
  A water moccasin (D:6)
  A necrophage (D:3)
  2 bullfrogs
  2 scorpions
  A water moccasin zombie (D:5)
  A wyvern skeleton (D:7)
  4 wights (D:7)
  7 killer bees (D:6)
  A bullfrog zombie (D:5)
  A jelly (D:6)
  6 hounds
  An iguana (D:5)
  A scorpion zombie (D:5)
  An orc wizard (D:5)
  2 hound skeletons
  9 adders
  5 river rats (Sewer)
  A white imp (D:4)
  An adder skeleton (D:4)
  3 worms
  A dart slug (D:2)
  13 orcs
  13 bats
  6 endoplasms
  7 giant cockroaches
  8 hobgoblins
  10 jackals
  9 kobolds
  6 quokkas
  11 ball pythons
  6 frilled lizards
  14 goblins
  11 rats
167 creatures vanquished.

Notes
Turn   | Place    | Note
-------+----------+-------------------------------------------
     0 | D:1      | iguanaiguana the Deep Dwarf Fighter began the quest for the
                  | Orb.
     0 | D:1      | Reached XP level 1. HP: 20/20 MP: 1/1
   126 | D:1      | Found a faded altar of an unknown god.
   193 | D:1      | Reached XP level 2. HP: 25/27 MP: 2/2
   482 | D:2      | Reached XP level 3. HP: 29/34 MP: 3/3
   954 | D:3      | Reached XP level 4. HP: 33/42 MP: 4/4
  1057 | D:3      | Found a glowing drain.
  1066 | Sewer    | Entered a sewer
  1429 | Sewer    | Reached XP level 5. HP: 24/49 MP: 5/5
  1725 | D:3      | Noticed a necrophage
  1730 | D:3      | Killed a necrophage
  1731 | D:3      | Reached skill level 5 in Shields
  1731 | D:3      | Reached XP level 6. HP: 28/56 MP: 6/6
  2055 | D:4      | Found a staircase to the Ecumenical Temple.
  2061 | Temple   | Entered the Ecumenical Temple
  2155 | Temple   | Became a worshipper of Elyvilon the Healer
  2176 | Temple   | Reached skill level 5 in Axes
  2294 | D:4      | You fall into a shaft and drop 3 floors!
  2384 | D:5      | Entered Level 5 of the Dungeon
  2409 | D:5      | Reached XP level 7. HP: 26/62 MP: 7/7
  2514 | D:4      | Reached * piety under Elyvilon
  3107 | D:6      | Found a transporter.
  3107 | D:6      | Noticed sirJeffrey23's ghost (novice DsMo)
  3112 | D:6      | Found a transporter.
  3141 | D:6      | Reached XP level 8. HP: 20/69 MP: 8/8
  3148 | D:6      | HP: 3/69 [killer bee (5)]
  3168 | D:6      | Killed sirJeffrey23's ghost
  3333 | D:6      | Found Ezihafea's Firing Range.
  3529 | D:7      | Found Waruare's Book Emporium.
  3567 | D:7      | Gained mutation: You passively map the area around you.
                  | [Deep Dwarf growth]
  3567 | D:7      | Reached XP level 9. HP: 43/70 MP: 8/8
  3603 | D:7      | Reached ** piety under Elyvilon
  3794 | D:7      | Slain by an orc warrior

Illustrated notes

Levels and vault maps discovered:
D:1:      matt_arrival_diagonals, layout_basic,
          dreamdust_ecumenical_altar_statues, nicolae_figureground_pulse
D:2:      layout_loops_ring, minmay_divided_ellipse
D:3:      layout_rooms, portal_sewer_entry_b
D:4:      kennysheep_the_goblin_king, layout_cave_pools,
          minmay_temple_entry_wispy, corexii_leaking_fountain
D:5:      kb_forest_paths, layout_loops_ring
D:6:      layout_basic, gammafunk_ghost_hive, nicolae_shop_firing_range
D:7:      layout_basic, lemuel_mausoleum_altar_yredelemnul, serial_shops, shop
Temple:   mainiacjoe_temple_hex_bubbles

Skill      XL: |  1  2  3  4  5  6  7  8 |
---------------+-------------------------+-----
Fighting       | 3 |  3.1
Axes           | 3 4 5 7 9 |  9.7
Shields        | 4 5 6 7 9 |  9.1
Armour         | |  3.8

Action                   |  1- 3 |  4- 6 |  7- 9 || total
-------------------------+-------+-------+-------++-------
Melee: War axe           |   107 |   203 |   222 ||   532
       Hand axe          |       |       |    38 ||    38
 Fire: Hand crossbow     |       |     2 |       ||     2
Throw: Stone             |     3 |    58 |     1 ||    62
       Javelin           |     1 |     1 |     4 ||     6
Invok: Purification      |       |       |     2 ||     2
 Abil: Heal Wounds       |       |     1 |     5 ||     6
  Use: Scroll            |     5 |     4 |     1 ||    10
       Potion            |       |     1 |     6 ||     7
 Stab: Invisible         |       |       |     5 ||     5
Armor: Scale mail        |    48 |   123 |    77 ||   248
       Chain mail        |       |       |     8 ||     8
Dodge: Dodged            |    51 |   113 |   130 ||   294
Block: Buckler           |    16 |    53 |    67 ||   136
       Tower shield      |       |     5 |       ||     5
